[Event "Live Chess"]
[Site "Chess.com"]
[Date "2024.06.01"]
[Round "-"]
[White "alexholowczak"]
[Black "DoctorMantisTobogganMD"]
[Result "0-1"]
[WhiteElo "1450"]
[BlackElo "2206"]
[TimeControl "300"]
[EndTime "9:47:34 PDT"]
[Termination "DoctorMantisTobogganMD won by checkmate"]

1. e4 g6 2. d4 c6 3. Nf3 Bg7 4. c3 d5 5. e5 Bg4 6. Be2 f6 7.
exf6 Nxf6 8. O-O O-O 9. Bg5 Nbd7 10. Nbd2 Qc7 11. h3 Bxf3 12. Nxf3 e5 13. dxe5 Nxe5 14.
Nxe5 Qxe5 15. Bxf6 Qxf6 16. Qd3 Rae8 17. Bf3 Re7 18.
Rfe1 Rfe8 19. Rxe7 Qxe7 20. Rd1 Bh6 21. c4 dxc4 22.
Qxc4+ Kh8 23. Qb3 Bf4 24. g3 Be5 25. Kg2 Rf8 26. Qc2 Qf6 27. Rd3 Kg7 28. Qb3 Rf7 29. Qa3 a6 30. Rd2 Bd4 31. b4 Bc3 32. Re2 Qxf3+ 33.
Kf1 Qh1# 0-1

[Event "Live Chess"]
[Site "Chess.com"]
[Date "2024.06.01"]
[Round "-"]
[White "FlyingChessKestrel13"]
[Black "akp42"]
[Result "1-0"]
[WhiteElo "2131"]
[BlackElo "1995"]
[TimeControl "300"]
[EndTime "9:47:37 PDT"]
[Termination "FlyingChessKestrel13 won by resignation"]

1. e3 d5 2. c4 Nf6 3. cxd5 Nxd5 4. Nc3 Nxc3 5. bxc3 g6 6. Nf3 Bg7 7. Bc4 O-O 8. O-O Nd7 9. Bb3 Nf6 10. d4 c6 11. c4 Bf5 12. Bb2 Qc7 13. Bc2 Bxc2 14. Qxc2 Rad8 15. e4 Qf4 16. e5 Ne4 17. Rfe1 Ng5 18.
Nxg5 Qxg5 19. Qe4 e6 20. f4 Qg4 21. h3 Qf5 22. Qxf5 gxf5 23. g4 h5 24. gxf5 Bh6 25.
fxe6 fxe6 26. Re4 Rxf4 27. Rxf4 Bxf4 28. Kf2 Rf8 29. Ke2 Kf7 30. Rf1 Ke7 31. Ba3+ 1-0

[Event "Live Chess"]
[Site "Chess.com"]
[Date "2024.06.01"]
[Round "-"]
[White "MaximKhimchenko"]
[Black "hapehansen"]
[Result "0-1"]
[WhiteElo "1799"]
[BlackElo "2246"]
[TimeControl "300"]
[EndTime "9:47:47 PDT"]
[Termination "hapehansen won by checkmate"]

1. e4 c6 2. Nf3 d5 3. exd5 cxd5 4. Bb5+ Nc6 5. O-O Nf6 6. Re1 Bg4 7. h3 Bh5 8. g4 Bg6 9. Ne5 Rc8 10. Bxc6+ bxc6 11. Nxg6 hxg6 12. Qf3 e6 13. d4 c5 14. c3 cxd4 15. cxd4 Qb6 16. Nc3 Be7 17. Be3 Qxb2 18. Na4 Qb5 19. Qd1 Rxh3 20. Rb1 Qd7 21. Kg2 Rh4 22. f3 Bd6 23. Bg5 Rh2+ 24. Kg1 Rxa2 25.
Nc5 Bxc5 26. dxc5 Qc7 27. Re2 Rxe2 28. Qxe2 Qxc5+ 29. Be3 Qc2 30. Qb5+ Qc6 31. Qb4 a6 32. g5 Nd7 33. Rc1 Qa8 34. Rxc8+ Qxc8 35. Qh4 Ke7 36.
Qb4+ Ke8 37. Qh4 Qc3 38. Bd4 Qxf3 39. Bxg7 e5 40. Qh8+ Ke7 41. Qc8 Qg4+ 42. Kf1 Qxg5 43. Qc7 Qf4+ 44. Ke1 Qb4+ 45. Kd1 Qd6 46. Ke2 Qxc7 47.
Bf8+ Kxf8 48. Kf3 Qc3+ 49. Kg2 d4 50. Kh2 d3 51. Kg1 d2 52. Kg2 d1=Q 53. Kh2 Qdd2+ 54.
Kh1 Qcc1# 0-1

[Event "Live Chess"]
[Site "Chess.com"]
[Date "2024.06.01"]
[Round "-"]
[White "McFim"]
[Black "GerardATHart"]
[Result "1-0"]
[WhiteElo "1581"]
[BlackElo "1447"]
[TimeControl "300"]
[EndTime "9:47:54 PDT"]
[Termination "McFim won by resignation"]

1. e4 e5 2. Nf3 Nc6 3. Bb5 a6 4. Ba4 Nf6 5. O-O b5 6. Bb3 Bc5 7. Re1 d6 8. h3 O-O 9. c3 h6 10. d4 exd4 11. cxd4 Bb6 12. Nc3 b4 13. Nd5 Nxd5 14.
Bxd5 Bd7 15. Be3 Rb8 16. Rc1 Ne7 17. Bb3 a5 18. Qd3 c5 19. dxc5 dxc5 20. Bxc5 Bxc5 21. Rxc5 a4 22. Bc2 Bc6 23. Qxd8 Rfxd8 24. Rc1 Be8 25. Bb1 Ng6 26. e5 Nf4 27. Re1 Bb5 28. h4 Nd3 29. Bxd3 Bxd3 30. e6 fxe6 31. Rxe6 Bb1 32. a3 Rd1+ 33. Kh2 bxa3 34. bxa3 Ba2 35. Re7 Rbb1 36. Rcc7 Rh1+ 37. Kg3 g5 38. hxg5 hxg5 39. Rg7+ Kf8 40. Rxg5 Rb3 41. Ra5 Rd1 42. Ra8+ 1-0

[Event "Live Chess"]
[Site "Chess.com"]
[Date "2024.06.01"]
[Round "-"]
[White "DarranAS"]
[Black "DJ_Lambton"]
[Result "0-1"]
[WhiteElo "1554"]
[BlackElo "1753"]
[TimeControl "300"]
[EndTime "9:47:56 PDT"]
[Termination "DJ_Lambton won by resignation"]

1. e4 c6 2. d4 d5 3. Nd2 dxe4 4. Nxe4 Bf5 5. Ng3 Bg6 6. h4 h6 7. h5 Bh7 8. Bd3 Bxd3 9. Qxd3 e6 10. Nf3 Nd7 11. Bf4 Qa5+ 12. c3 Be7 13. O-O Ngf6 14. Rfe1 O-O 15. Ne5 Nxe5 16. Rxe5 Qb6 17. Re2 Qa5 18. Qf3 Rad8 19. b4 Qb6 20. Ne4 Nxe4 21. Rxe4 Qb5 22. Qg3 Kh8 23. a4 Qd5 24. Re3 Qf5 25. Qf3 Rd5 26. Rae1 Qxh5 27. Re5 Qxf3 28.
gxf3 Rxe5 29. Bxe5 Rd8 30. Kg2 Bd6 31. Bxd6 Rxd6 32.
f4 Kg8 33. Kf3 Kf8 34. Re5 Ke7 35. f5 Rd5 36. fxe6 Rxe5 37. dxe5 Kxe6 38. Ke4 g5 0-1

[Event "Live Chess"]
[Site "Chess.com"]
[Date "2024.06.01"]
[Round "-"]
[White "Berdgross"]
[Black "CarmelJane"]
[Result "0-1"]
[WhiteElo "579"]
[BlackElo "2121"]
[TimeControl "300"]
[EndTime "9:47:57 PDT"]
[Termination "CarmelJane won by resignation"]

1. e4 c5 2. d3 Nc6 3. Nf3 e6 4. Nc3 a6 5. h3 b5 6. a3 Bb7 7. b4 cxb4 8. axb4 Bxb4 9. Bd2 Nf6 10. Be2 O-O 11. O-O Rc8 12. Na2 Bxd2 13. Qxd2 d5 14. e5 Nd7 15. d4 Ne7 16. Nb4 a5 17. Nd3 b4 18. Nc5 Nxc5 19. dxc5 Rxc5 20. Nd4 Qc7 21. f4 Nf5 22. Nxf5 exf5 23. Qxb4 axb4 0-1

[Event "Live Chess"]
[Site "Chess.com"]
[Date "2024.06.01"]
[Round "-"]
[White "NeilDruggan73"]
[Black "GwaryTek"]
[Result "1-0"]
[WhiteElo "1747"]
[BlackElo "1919"]
[TimeControl "300"]
[EndTime "9:47:59 PDT"]
[Termination "NeilDruggan73 won on time"]

1. d4 Nf6 2. Bg5 d5 3. Bxf6 gxf6 4. e3 Bf5 5. Bd3 Bg6 6. Nf3 e6 7. Nbd2 c5 8. Bxg6 hxg6 9. a3 Nc6 10. dxc5 Bxc5 11. b4 Bd6 12. Nb3 f5 13. Qd2 Qf6 14. O-O Bxh2+ 15. Nxh2 Qh4 16. f3 Qxh2+ 17. Kf2 Qh4+ 18.
Ke2 O-O-O 19. Rac1 Ne5 20. Qc3+ Qc4+ 21. Qxc4+ Nxc4 22. a4 b6 23. Nd4 Kb7 24. f4 Rh2 25. Rf2 Rc8 26. a5 Nd6 27. g3 Rxf2+ 28. Kxf2 Ne4+ 29. Kg2 Rc3 30. Kf3 Nd2+ 31. Ke2 Nc4 32. Rh1 Rxe3+ 33. Kf2 Re4 34. Nb5 bxa5 35. bxa5 Ka6 36. Rb1 Nb6 37. axb6 axb6 38. Nd6 Rd4 39. Ra1+ 1-0

[Event "Live Chess"]
[Site "Chess.com"]
[Date "2024.06.01"]
[Round "-"]
[White "resipsa6"]
[Black "Andysav3"]
[Result "1/2-1/2"]
[WhiteElo "2036"]
[BlackElo "1860"]
[TimeControl "300"]
[EndTime "9:48:03 PDT"]
[Termination "Game drawn by repetition"]

1. e4 c5 2. c3 Nf6 3. e5 Nd5 4.
d4 cxd4 5. cxd4 d6 6. exd6 Qxd6 7. Nc3 Nc6 8. Nf3 Bg4 9. Be2 e6 10. O-O a6 11. Nxd5 Qxd5 12. Be3 Be7 13. h3 Bh5 14. a3 O-O 15. Rc1 Rfd8 16. g4 Bg6 17. Bc4 Qd7 18. Qe2 Rac8 19. Rfd1 Na5 20. Ne5 Qa4 21. Bd3 Bf6 22. Bxg6 hxg6 23. Rxc8 Rxc8 24. Qf3 Rd8 25. b4 Bxe5 26. bxa5 Bxd4 27. Rxd4 Rxd4 28. Bxd4 Qxd4 29. Qxb7 Qd1+ 30. Kh2 Qd6+ 31. Kg1 Qd1+ 32. Kh2 Qd6+ 33. Kg1 Qd1+ 1/2-1/2

[Event "Live Chess"]
[Site "Chess.com"]
[Date "2024.06.01"]
[Round "-"]
[White "JohanKjeldahl"]
[Black "viktor_forever1994"]
[Result "1-0"]
[WhiteElo "1801"]
[BlackElo "1409"]
[TimeControl "300"]
[EndTime "9:48:04 PDT"]
[Termination "JohanKjeldahl won by checkmate"]

1. e4 e5 2. Nf3 Nc6 3. d4 exd4 4. c3 dxc3 5. Bc4 d6 6. Nxc3 h6 7. O-O Bg4 8. h3 Bh5 9. Bf4 Be7 10. Qb3 Rb8 11.
Bd5 Nf6 12. g4 Bg6 13. Rad1 O-O 14. Nh4 Bxe4 15. Bxc6 Bxc6 16. Nf5 Nd7 17. Rfe1 Nc5 18. Qc2 Bg5 19. Ne2 Re8 20. Qc3 Bf6 21. Qc1 Bg5 22.
Ned4 Bxf4 23. Qxf4 Rxe1+ 24. Rxe1 Nd3 25. Nxc6 bxc6 26.
Qd4 Nxe1 27. Qxg7# 1-0

[Event "Live Chess"]
[Site "Chess.com"]
[Date "2024.06.01"]
[Round "-"]
[White "Crowded_House"]
[Black "Queensandpawns"]
[Result "0-1"]
[WhiteElo "1736"]
[BlackElo "2469"]
[TimeControl "300"]
[EndTime "9:48:04 PDT"]
[Termination "Queensandpawns won by checkmate"]

1. d4 e5 2. dxe5 Bc5 3. e3 d6 4. exd6 Bxd6 5. Nf3 Nf6 6. Nbd2 h5 7. Nc4 Ng4 8. Nxd6+ cxd6 9. h3 Nf6 10. b3 Nc6 11. Bb2 Be6 12. Bb5 a6 13. Bxc6+ bxc6 14. O-O Ng4 15. Nd4 Bd7 16. Nf3 d5 17. Bxg7 Rg8 18.
Bc3 Nf6 19. Bxf6 Qxf6 20. Kh1 O-O-O 21. Qd4 Qg6 22. Rg1 Qe4 23. Qa7 Bxh3 24. Qxa6+ Kd7 25.
Qb7+ Kd6 26. gxh3 Qxf3+ 27. Kh2 Qxf2+ 28. Kh1 Qf3+ 29. Kh2 Qxe3 30. Qb4+ Kc7 31. Rxg8 Rxg8 32. Qa5+ Kd7 33. Re1 Qg3+ 34. Kh1 Qg2# 0-1

[Event "Live Chess"]
[Site "Chess.com"]
[Date "2024.06.01"]
[Round "-"]
[White "Tushinskiy"]
[Black "PureDashingOctopus"]
[Result "0-1"]
[WhiteElo "2209"]
[BlackElo "2222"]
[TimeControl "300"]
[EndTime "9:48:07 PDT"]
[Termination "PureDashingOctopus won on time"]

1. d4 Nf6 2. c3 d5 3. Nf3 Bf5 4. Bf4 e6 5. Bg3 Bd6 6. Nbd2 O-O 7. e3 Bg6 8. Be2 Qe7 9. b4 a5 10. a3 axb4 11. axb4 Nbd7 12. O-O Nb6 13. Qb3 Bxg3 14. hxg3 Rfc8 15. Ne5 Qd8 16. Nxg6 hxg6 17. Bf3 Rxa1 18. Rxa1 Ra8 19. Rd1 Ra7 20. c4 Qa8 21. c5 Ra3 22. Qb1 Na4 23. Rc1 Nc3 24. Qb2 Nb5 25. Qb1 Qa4 26.
g4 g5 27. Nf1 Rb3 28. Qc2 Qxb4 29. Ra1 Na3 30. Qa2 Nc4 31. Qa8+ Kh7 32. Qf8 Rb1 33. Rxb1 Qxb1 34. Qxf7 Qe1 35. Qxe6 Nd2 36. Qf5+ Kh6 37. Qd3 Nfe4 38. Bxe4 Nxe4 39. Qc2 g6 40. Qb2 c6 41.
Qc2 Qa1 42. Qe2 Qb1 43. Kh2 b6 44. Ng3 Nxg3 45. Kxg3 b5 46. Qf3 b4 47. Qf8+ Kh7 48.
Qf7+ Kh6 49. Qe8 Kg7 50. Qd7+ Kf8 51. Qxc6 b3 52. Qd6+ Kf7 53. c6 b2 54. Qd7+ Kf6 0-1

[Event "Live Chess"]
[Site "Chess.com"]
[Date "2024.06.01"]
[Round "-"]
[White "alicechristina"]
[Black "blunderabit"]
[Result "1-0"]
[WhiteElo "1781"]
[BlackElo "1819"]
[TimeControl "300"]
[EndTime "9:48:42 PDT"]
[Termination "alicechristina won on time"]

1. c4 e5 2. Nc3 Bb4 3. g3 Nc6 4. Bg2 Bxc3 5. bxc3 b6 6. e4 Nge7 7. Ne2 d6 8. O-O Be6 9. d3 Qd7 10. f4 Bg4 11. f5 Bxe2 12. Qxe2 f6 13. Qh5+ Kd8 14.
d4 Qe8 15. Qf3 Rf8 16. c5 dxc5 17. dxc5 Kc8 18. Qd3 Kb7 19. Be3 Rd8 20. Qb5 Na5 21.
Rab1 Qxb5 22. Rxb5 Nc4 23. Bf2 Rd2 24. Rb4 Nb2 25. Be1 Rc2 26. cxb6 axb6 27. Bf3 Nd3 28.
Rb3 Rxa2 29. c4 Rd8 30. Bb4 Nc6 31. Bc3 Nc5 32. Rb2 Rxb2 33. Bxb2 Rd2 34. Ba3 Nd3 35. Bf8 g6 36. Bg7 Nd4 37. Bxf6 gxf5 38. exf5+ Nxf3+ 39. Rxf3 e4 40. Re3 1-0

[Event "Live Chess"]
[Site "Chess.com"]
[Date "2024.06.01"]
[Round "-"]
[White "KeithArkell"]
[Black "mrsmarple1968"]
[Result "1-0"]
[WhiteElo "2515"]
[BlackElo "1787"]
[TimeControl "300"]
[EndTime "9:48:48 PDT"]
[Termination "KeithArkell won by resignation"]

1. d4 d5 2. Nf3 Nf6 3. c4 e6 4. cxd5 exd5 5. Nc3 c6 6. Qc2 Be7 7. Bg5 Nbd7 8. e3 O-O 9. Bd3 Re8 10. O-O Nf8 11. Bxf6 Bxf6 12. b4 a6 13. a4 Bg4 14.
Nd2 Rc8 15. Bf5 Bxf5 16. Qxf5 g6 17. Qf3 Bg7 18. Rab1 b6 19. Rfc1 Qd6 20. b5 axb5 21. axb5 Red8 22. bxc6 Rxc6 23. Ne2 Rdc8 24. Rxc6 Rxc6 25.
Nf4 Rc2 26. Nf1 Nd7 27. Qxd5 Qxd5 28. Nxd5 Rc6 29. Ne7+ 1-0

[Event "Live Chess"]
[Site "Chess.com"]
[Date "2024.06.01"]
[Round "-"]
[White "f4nomore"]
[Black "vincents82"]
[Result "0-1"]
[WhiteElo "1196"]
[BlackElo "2137"]
[TimeControl "300"]
[EndTime "9:48:52 PDT"]
[Termination "vincents82 won by resignation"]

1. d4 d5 2. Nc3 Nf6 3. Bg5 c6 4.
Bxf6 exf6 5. Nf3 g6 6. e3 Bg7 7. Be2 O-O 8. O-O Nd7 9. h3 f5 10. a3 Nf6 11. Na2 Ne4 12. c4 Be6 13. c5 a5 14. Nc3 Qd7 15. Nxe4 fxe4 16. Nd2 f5 17. f3 Bh6 18. f4 g5 19. Qe1 Kh8 20. Qg3 Rg8 21.
fxg5 Rxg5 22. Qe5+ Bg7 23. Qd6 Qf7 24. Rf2 Rg8 25. Qh2 Qg6 26. Bf1 Rg3 27. b4 Bh6 28. Re2 Bxe3+ 29. Kh1 f4 30. bxa5 Bxh3 31. Rb1 Bc8 32.
a6 bxa6 33. Rb6 f3 34. gxf3 Rg1+ 0-1

[Event "Live Chess"]
[Site "Chess.com"]
[Date "2024.06.01"]
[Round "-"]
[White "dl_chess"]
[Black "Ferrarifan27"]
[Result "0-1"]
[WhiteElo "1161"]
[BlackElo "2075"]
[TimeControl "300"]
[EndTime "9:48:55 PDT"]
[Termination "Ferrarifan27 won by resignation"]

1. e4 e5 2. Bc4 Nc6 3. Nf3 Bc5 4. d3 Nf6 5. Nc3 a6 6. Na4 Ba7 7. O-O b5 8. Bxf7+ Kxf7 9. Ng5+ Ke8 10. Nc3 h6 11.
Nf3 Rf8 12. Re1 d6 13. Nd5 Nxd5 14. exd5 Ne7 15. d4 Bg4 16. dxe5 Bxf3 17. gxf3 dxe5 18. Rxe5 Qd6 19. Qe2 Kd7 20. Bf4 Rxf4 21. Re1 Re8 22. Qd2 Rxf3 23. Re6 Qf4 24. Qa5 Bxf2+ 25. Kh1 Bxe1 26.
Rxe7+ Rxe7 0-1

[Event "Live Chess"]
[Site "Chess.com"]
[Date "2024.06.01"]
[Round "-"]
[White "TedUdale"]
[Black "degringolade64"]
[Result "0-1"]
[WhiteElo "2147"]
[BlackElo "2089"]
[TimeControl "300"]
[EndTime "9:48:56 PDT"]
[Termination "degringolade64 won by resignation"]

1. e4 e5 2. Nf3 Nc6 3. Bc4 Nf6 4.
d3 h6 5. Nc3 d6 6. h3 Na5 7.
Bb3 c6 8. O-O Be7 9. Nh2 O-O 10.
f4 Nxb3 11. axb3 exf4 12. Bxf4 Be6 13. Qe1 a6 14. Qf2 Qd7 15. Rae1 Rae8 16. Kh1 Nh5 17. Bc1 f5 18. Qe2 Ng3+ 19. Kg1 Nxe2+ 20. Rxe2 fxe4 21. Nxe4 Rxf1+ 22. Nxf1 Rf8 23. Nh2 d5 24. Nd2 Bc5+ 25.
Kh1 Bxh3 26. gxh3 Qxh3 27. Rg2 Rf2 28. Rxf2 Bxf2 29. Nf3 Bg3 30. Be3 Bxh2 31. Nxh2 Qxe3 0-1

[Event "Live Chess"]
[Site "Chess.com"]
[Date "2024.06.01"]
[Round "-"]
[White "MellowAesthetic"]
[Black "Mangoalo"]
[Result "1-0"]
[WhiteElo "2067"]
[BlackElo "995"]
[TimeControl "300"]
[EndTime "9:49:00 PDT"]
[Termination "MellowAesthetic won by resignation"]

1. e4 Nc6 2. Nf3 e5 3. Bc4 Bc5 4. c3 Nf6 5. d3 O-O 6. O-O h6 7.
Nbd2 d6 8. a4 a6 9. h3 Qe7 10.
Re1 Be6 11. b4 Nxb4 12. cxb4 Bxb4 13. Qb3 Bxc4 14. Qxc4 Bxd2 15. Bxd2 c5 16. a5 Nd7 17.
Rab1 Rab8 18. Rb2 b5 19. axb6 Nxb6 20. Qxa6 Qb7 21. Qxb7 Rxb7 22. Reb1 Rfb8 23. Ba5 1-0

[Event "Live Chess"]
[Site "Chess.com"]
[Date "2024.06.01"]
[Round "-"]
[White "viktorskliarov"]
[Black "Demyan7777"]
[Result "1-0"]
[WhiteElo "2638"]
[BlackElo "1674"]
[TimeControl "300"]
[EndTime "9:49:12 PDT"]
[Termination "viktorskliarov won by checkmate"]

1. e4 c5 2. Nf3 d6 3. d4 cxd4 4. Qxd4 Nf6 5. Nc3 Nc6 6. Bb5 Bd7 7. Bxc6 Bxc6 8. Bg5 Qc7 9. Bxf6 gxf6 10. O-O-O Rc8 11. Kb1 e5 12. Qd3 Be7 13. Nh4 Rd8 14. Nf5 a6 15. Nd5 Bxd5 16. Qxd5 Rg8 17. g3 Qc6 18. f3 Qxd5 19. Rxd5 Kd7 20. Rhd1 Ke6 21. c4 b6 22. b4 h5 23. h4 Rh8 24. Kb2 Rhg8 25. Kb3 Rh8 26. a4 Rhg8 27. Ka3 Rh8 28. c5 bxc5 29. bxc5 Rhg8 30. c6 Bf8 31. c7 Rxg3 32. cxd8=Q Rxf3+ 33. Kb4 Rb3+ 34. Kxb3 a5 35. Qe8+ Be7 36. Rxd6# 1-0

[Event "Live Chess"]
[Site "Chess.com"]
[Date "2024.06.01"]
[Round "-"]
[White "Duke_of_Bebington"]
[Black "Ninifu"]
[Result "0-1"]
[WhiteElo "1597"]
[BlackElo "2069"]
[TimeControl "300"]
[EndTime "9:49:22 PDT"]
[Termination "Ninifu won by resignation"]

1. e4 d5 2. exd5 Nf6 3. Nf3 Bg4 4. Be2 Qxd5 5. O-O Nc6 6. c3 O-O-O 7. d4 e6 8. Nbd2 Bd6 9. Qb3 Qh5 10. Re1 Bxh2+ 11.
Nxh2 Bxe2 12. Nhf3 Bd3 13. Nf1 Bxf1 14. Rxf1 h6 15.
Bf4 g5 16. Bg3 Ne4 17. Rad1 Nxg3 18. fxg3 Qg4 19. Nh2 Qxg3 20. Rxf7 Rhf8 21. Qxe6+ Kb8 22. Rdf1 Rxf7 23. Rxf7 h5 24. Rf3 Qd6 25. Qxd6 Rxd6 26. Rf8+ Rd8 27. Rxd8+ Nxd8 28. Nf3 Nf7 29. Kf2 Kc8 30.
Kg3 Kd7 31. Nd2 Ke6 32. Kf3 Kf5 33. Ne4 g4+ 34. Ke3 h4 35. Nc5 Nd6 36. Nd7 Ne4 37. Ne5 h3 38. Nxg4 hxg2 0-1

[Event "Live Chess"]
[Site "Chess.com"]
[Date "2024.06.01"]
[Round "-"]
[White "Enhard"]
[Black "DoggyDalmatian"]
[Result "0-1"]
[WhiteElo "1446"]
[BlackElo "1568"]
[TimeControl "300"]
[EndTime "9:49:23 PDT"]
[Termination "DoggyDalmatian won by resignation"]

1. d4 d5 2. Bf4 Bf5 3. e3 e6 4.
Nf3 c5 5. c3 Nc6 6. h3 Bd6 7. Bxd6 Qxd6 8. Nbd2 Nf6 9. Be2 O-O 10.
O-O c4 11. a4 Ne4 12. b3 Nxc3 13. Qe1 Nxe2+ 14. Qxe2 Bd3 15. Qe1 Bxf1 16. Qxf1 cxb3 17.
Nxb3 b6 18. Qd1 Rfc8 19. Nbd2 h6 20. Nb1 Na5 21. Na3 Nc4 22. Nb5 Qd7 23. Rb1 a6 24. Nc3 Rab8 25. Qb3 Na5 26. Qb4 Rc4 27. Qb2 Qc6 28.
Ne5 Qc7 29. Nxc4 Nxc4 30. Qb4 Qd6 31. Qxd6 Nxd6 32. Na2 b5 33. axb5 Rxb5 34. Ra1 Ra5 0-1

[Event "Live Chess"]
[Site "Chess.com"]
[Date "2024.06.01"]
[Round "-"]
[White "booktrunk"]
[Black "DavrosLight"]
[Result "1-0"]
[WhiteElo "1387"]
[BlackElo "777"]
[TimeControl "300"]
[EndTime "9:49:43 PDT"]
[Termination "booktrunk won on time"]

1. d4 Nf6 2. Nc3 d5 3. Bf4 a6 4.
a3 g6 5. e3 Bg7 6. Nf3 O-O 7.
Bd3 Nc6 8. O-O b5 9. Re1 Bb7 10. Bg3 Re8 11. Ne5 Nxe5 12. Bxe5 Ne4 13. Bxg7 Kxg7 14.
Ne2 Ng5 15. Nf4 e5 16. dxe5 Rxe5 17. c3 Qd7 18. Be2 Ne4 19. Bg4 f5 20. Bf3 Ng5 21. Be2 Ne4 22. Nd3 Qc6 23. Nxe5 Qd6 24. Nf3 f4 25.
exf4 Qxf4 26. Bd3 Nxf2 27. Kxf2 Rf8 28. Qc1 Qh4+ 29. Kg1 Rxf3 30. gxf3 d4 31. Be4 Bxe4 32. Rxe4 1-0

[Event "Live Chess"]
[Site "Chess.com"]
[Date "2024.06.01"]
[Round "-"]
[White "StoreySniper"]
[Black "ProfPoisson"]
[Result "1-0"]
[WhiteElo "2547"]
[BlackElo "1233"]
[TimeControl "300"]
[EndTime "9:49:54 PDT"]
[Termination "StoreySniper won by resignation"]

1. c4 e6 2. g3 f5 3. Bg2 Nf6 4. Nc3 Be7 5. Nh3 O-O 6. d4 d6 7. O-O a5 8. e4 fxe4 9. Nxe4 Nxe4 10. Bxe4 c6 11. Qh5 h6 12. Qg6 Rf5 13. Bxh6 Bf6 14.
Bxf5 exf5 15. Rfe1 Nd7 16. Re8+ 1-0

[Event "Live Chess"]
[Site "Chess.com"]
[Date "2024.06.01"]
[Round "-"]
[White "jimwad"]
[Black "jumush"]
[Result "0-1"]
[WhiteElo "1216"]
[BlackElo "1741"]
[TimeControl "300"]
[EndTime "9:50:07 PDT"]
[Termination "jumush won by resignation"]

1. d4 d5 2. c4 e6 3. Nc3 c5 4. dxc5 d4 5. Ne4 Bxc5 6. Nxc5 Qa5+ 7. Bd2 Qxc5 8. b3 Nc6 9. Nf3 Nf6 10. e3 dxe3 11.
Bxe3 Qb4+ 12. Qd2 Qxd2+ 13. Bxd2 O-O 14. Bd3 b6 15. O-O Bb7 16. Bc3 Nd7 17. Be4 Nc5 18. Bxc6 Bxc6 19. Bb4 a5 20. Ba3 Rac8 21. Ne5 Bb7 22.
Rad1 Rfd8 23. Bb2 f6 24. Nf3 Bxf3 25. gxf3 e5 26. Kg2 Nd3 27. Bc3 Nf4+ 28. Kg3 h5 29. h4 Ne2+ 0-1

[Event "Live Chess"]
[Site "Chess.com"]
[Date "2024.06.01"]
[Round "-"]
[White "ClassyChameleon"]
[Black "Grieve72"]
[Result "0-1"]
[WhiteElo "1521"]
[BlackElo "2637"]
[TimeControl "300"]
[EndTime "9:50:09 PDT"]
[Termination "Grieve72 won by resignation"]

1. e4 c5 2. Nf3 e6 3. d4 cxd4 4. Nxd4 Nc6 5. Nxc6 bxc6 6. Nc3 d5 7. e5 Ne7 8. Be2 Nf5 9. Bf4 Bc5 10. O-O g5 11. Bg3 Nxg3 12. hxg3 Qc7 13. a3 Qxe5 14. Bg4 Qxg3 15.
Na4 h5 16. Bxe6 Bxf2+ 17. Rxf2 Bxe6 18. Qd4 O-O 19. Raf1 Rae8 20. Nc5 f5 21. Nxe6 Rxe6 22. Qxa7 f4 23. Qd7 Rfe8 24. a4 h4 25. Kh1 h3 26.
a5 Re1 27. gxh3 Rxf1+ 28. Rxf1 Re2 29. Qd8+ Kg7 30. Qc7+ Kg6 31. Qxc6+ Kh5 0-1

[Event "Live Chess"]
[Site "Chess.com"]
[Date "2024.06.01"]
[Round "-"]
[White "edward33_24h"]
[Black "gmnorfolk"]
[Result "0-1"]
[WhiteElo "624"]
[BlackElo "2106"]
[TimeControl "300"]
[EndTime "9:50:12 PDT"]
[Termination "gmnorfolk won by resignation"]

1. e4 c5 2. Nf3 d6 3. Nc3 Nf6 4. Bb5+ Bd7 5. Bxd7+ Nbxd7 6. d3 g6 7. O-O Bg7 8. e5 O-O 9. exf6 Bxf6 10. Bg5 Bg7 11. Qd2 Re8 12. Bh6 Bh8 13. Rfe1 Rb8 14. Rab1 b5 15. Ne4 f6 16. Ng3 d5 17. Nh4 e5 18. Nxg6 hxg6 19. Nf5 gxf5 20. Re3 Kf7 21. Rg3 Rg8 22. Rxg8 Qxg8 23. Be3 f4 24. Bxf4 exf4 25.
Qxf4 Re8 26. d4 cxd4 27. Qxd4 Kf8 28. Qc5+ Nxc5 0-1

[Event "Live Chess"]
[Site "Chess.com"]
[Date "2024.06.01"]
[Round "-"]
[White "Grace6363"]
[Black "Bob2pen"]
[Result "0-1"]
[WhiteElo "1147"]
[BlackElo "1801"]
[TimeControl "300"]
[EndTime "9:50:13 PDT"]
[Termination "Bob2pen won by resignation"]

1. d4 Nf6 2. c4 c5 3. d5 e6 4. Nc3 exd5 5. Nxd5 Nxd5 6. cxd5 d6 7. Bf4 g6 8. e3 Bg7 9. Qa4+ Bd7 10. Qe4+ Qe7 11. Qxe7+ Kxe7 12. Rb1 b5 13. Nf3 c4 14. Be2 Bf5 15. Rc1 Bxb2 16. Rd1 Nd7 17. O-O Rhc8 18. Nh4 Nc5 19. Nxf5+ gxf5 20. g4 Rab8 21. gxf5 Ne4 22. Rb1 Bf6 23. Rfd1 Nc3 24. Rdc1 Nxe2+ 25. Kg2 Nxc1 26. Rxc1 b4 27. e4 Be5 28. Be3 b3 29.
axb3 cxb3 0-1

[Event "Live Chess"]
[Site "Chess.com"]
[Date "2024.06.01"]
[Round "-"]
[White "Mangoalo"]
[Black "dl_chess"]
[Result "0-1"]
[WhiteElo "991"]
[BlackElo "1165"]
[TimeControl "300"]
[EndTime "9:50:14 PDT"]
[Termination "dl_chess won by resignation"]

1. e4 e6 2. Bc4 d5 3. exd5 exd5 4. Bb3 Nf6 5. d4 Bd6 6. Nc3 c6 7. Bg5 O-O 8. Nge2 h6 9. Bxf6 Qxf6 10. O-O Qh4 11.
g3 Qh3 12. Nf4 Bxf4 13. gxf4 Bg4 14. Ne2 Bf3 0-1

[Event "Live Chess"]
[Site "Chess.com"]
[Date "2024.06.01"]
[Round "-"]
[White "13Alexey"]
[Black "elephantgerrald"]
[Result "0-1"]
[WhiteElo "740"]
[BlackElo "736"]
[TimeControl "300"]
[EndTime "9:50:20 PDT"]
[Termination "elephantgerrald won by checkmate"]

1. d4 d5 2. Bf4 Nc6 3. Nf3 Bg4 4.
e3 Bxf3 5. Qxf3 Nf6 6. Bd3 e6 7.
c3 Bd6 8. Bg3 Bxg3 9. hxg3 O-O 10.
Bxh7+ Nxh7 11. Qh5 Re8 12. Qxh7+ Kf8 13. Qh8+ Ke7 14. Qxg7 Rg8 15. Qh6 e5 16. dxe5 Nxe5 17.
Nd2 Nd3+ 18. Ke2 Nxb2 19. Rab1 Na4 20. Rxb7 Nxc3+ 21. Kf1 Qc8 22. Qh4+ f6 23. Qh7+ Kd6 24. Rb3 Qa6+ 25. Ke1 Qe2# 0-1

[Event "Live Chess"]
[Site "Chess.com"]
[Date "2024.06.01"]
[Round "-"]
[White "RuslanChessN"]
[Black "SvitlanaJ"]
[Result "1-0"]
[WhiteElo "1980"]
[BlackElo "386"]
[TimeControl "300"]
[EndTime "9:50:23 PDT"]
[Termination "RuslanChessN won by resignation"]

1. d4 d5 2. c4 c6 3. Nc3 Nf6 4. Nf3 e6 5. Bg5 Bb4 6. Qb3 Na6 7. e3 O-O 8. cxd5 cxd5 9. Bxa6 Bxc3+ 10. bxc3 bxa6 11.
O-O Qd6 12. Bxf6 gxf6 13. c4 Bb7 14. c5 Qc6 15. Rab1 Rab8 16. Rfc1 Kh8 17. Nd2 e5 18. Rc2 e4 19. Rcb2 Kg7 20. Qd1 Kh8 21. Rb4 Rg8 22. Qb3 a5 23. Rxb7 Rxb7 24. Qxb7 Qxb7 25.
Rxb7 Rc8 26. Nb3 a4 27. Na5 f5 28. c6 1-0

[Event "Live Chess"]
[Site "Chess.com"]
[Date "2024.06.01"]
[Round "-"]
[White "Zhevzh1k7"]
[Black "PatientChessPapa"]
[Result "1-0"]
[WhiteElo "1070"]
[BlackElo "805"]
[TimeControl "300"]
[EndTime "9:50:49 PDT"]
[Termination "Zhevzh1k7 won on time"]

1. e4 d5 2. exd5 Qxd5 3. Nc3 Qa5 4. Nf3 Nf6 5. d4 Bf5 6. Bd3 e6 7. Bxf5 Qxf5 8. O-O Be7 9. Re1 Nbd7 10. Bg5 c6 11. Bxf6 Bxf6 12. Qd3 Qxd3 13. cxd3 Rd8 14. Ne4 Be7 15. Rad1 c5 16. dxc5 Nxc5 17. Nxc5 Bxc5 18. d4 Bb6 19. d5 Ke7 20. dxe6 Rxd1 21. Rxd1 Kxe6 22. Ng5+ Ke7 23. Re1+ Kf6 24. Ne4+ Kg6 25. Nd6 Rd8 26. Nxb7 Rd2 27. Rf1 Rxb2 28. a4 Bxf2+ 29. Rxf2 Rxb7 30. Ra2 a5 31. Kf2 Kf5 32. Kf3 h5 33. h3 Rb3+ 34. Ke2 g5 35. g4+ hxg4 36. hxg4+ Kxg4 37. Kf2 f5 38. Kg2 f4 39. Kf2 1-0